AoeStats
← 只会打步弓

Four Lakes

510126643Analyzed
1v1 RM · 2d ago on Sep 29, 2026· 34m 17s· 2 players
Game mode
Random Map
Map size
Tiny (2 player)
Population
200
Speed
Normal
Resources
Standard
Victory
Conquest
Starting age
Dark Age
Ending age
Imperial Age
RankedLock teamsTeams togetherTeam positionsShared explorationLock speedFull tech treeHidden civsTurbo modeCheats
Victory
Defeat
🇨🇳 Mapuche · China
1916
+15
🇦🇷 Dravidians · Argentina
1902
-15
Lucsor
7:04 Loom
9:32 Feudal Age
10:22 Double-Bit Axe
12:52 Fletching
13:21 Fishing Lines
18:33 Castle Age
17:43 Padded Archer Armor
17:25 Horse Collar
18:01 Gold Mining
19:24 Bodkin Arrow
19:35 Thumb Ring
18:55 Crossbowman
25:05 Leather Archer Armor
28:52 Elite Skirmisher
33:03 Ballistics
只会打步弓
7:46 Loom
10:24 Feudal Age
11:06 Double-Bit Axe
15:19 Castle Age
13:36 Fletching
15:32 Padded Archer Armor
15:57 Bodkin Arrow
15:37 Elite Skirmisher
18:27 Wheelbarrow
20:03 Ballistics
22:14 Leather Archer Armor
22:30 Horse Collar
31:24 Bow Saw
31:13 Town Watch
37:13 Imperial Age
Connection lost

Rejoining the realm…

Still unreachable

The connection could not be restored.

Session expired

The server has moved on; the page needs a fresh start.